 Dungeon Crawl Stone Soup version 0.30-b1-2-g02819fbbbe (webtiles) character file.

Game seed: 16897552245830246348

1697499 Hedron the Impregnable (level 25, 250/250 HPs)
             Began as an Armataur Berserker on Nov 12, 2023.
             Was the Champion of Trog.
             Escaped with the Orb
             ... and 3 runes!
             The game lasted 03:53:07 (63625 turns).

Hedron the Impregnable (Armataur Berserker)        Turns: 63625, Time: 03:53:08

Health: 250/250    AC: 39    Str: 37    XL:     25   Next: 12%
Magic:  20/20      EV: 23    Int: 13    God:    Trog [******]
Gold:   1149       SH:  9    Dex: 19    Spells: 24/24 levels left

rFire   + + +        P - +7 great mace of Absolution {heavy, rF++}
rCold   + . .        (shield currently unavailable)
rNeg    . . .        D - +9 scales of the Dragon King {rPois rF+ rC+ Will+}
rPois   +            M - +2 hat {Stlth+}
rElec   +            b - +1 cloak "Eleyniykit" {rElec Will+ Regen+}
rCorr   .            R - +2 pair of gloves
SInv    .            (no barding)
Will    +++..        K - amulet of Divine Compulsion {Reflect rElec Int+4 Dex+4 SH+5} Stlth
                     z - ring of Tiviemm {EV+5 Str+9}
HPRegen 1.41/turn    X - ring of Divine Compulsion {rF+ EV+5 Str+4}
MPRegen 0.17/turn

%: reflection, roll
@: hasted, very quick
A: large, rugged brown scales 3, deformed body, armoured tail, roll, long
tongue, awkward tongue, horns 2, large bone plates 1, clumsy 1, low MP 1,
inhibited regeneration, weak 1, wild magic 1, inability to drink after injury 1
0: Orb of Zot
}: 3/15 runes: barnacled, slimy, gossamer
a: Renounce Religion, Berserk, Trog's Hand, Brothers in Arms


You escaped.
You worshipped Trog.
Trog was exalted by your worship.
You visited 11 branches of the dungeon, and saw 52 of its levels.
You also visited: Ossuary, Gauntlet, Ice Cave and Wizlab.

You collected 9080 gold pieces.
You spent 7931 gold pieces at shops.

Inventory:

Hand Weapons
 l - a +0 longbow of freezing
 P - the +7 great mace of Absolution (weapon) {heavy, rF++}
   (Trog gifted it to you on level 2 of the Orcish Mines)

   rF:        It greatly protects you from fire.
 Q - the +8 great mace of Pulus {flame, Will+ MP+9 Str-5 Dex+5}
   (You acquired it on level 10 of the Dungeon)

   Str:       It affects your strength (-5).
   Dex:       It affects your dexterity (+5).
   MP:        It affects your magic capacity (+9).
   Will:      It increases your willpower.
Missiles
 j - 12 silver javelins (quivered)
 n - a throwing net
 q - 17 javelins
 r - 72 poisoned darts
 G - 37 boomerangs
 L - 10 curare-tipped darts
 U - 12 atropa-tipped darts
Armour
 b - the +1 cloak "Eleyniykit" (worn) {rElec Will+ Regen+}
   (You found it in a Gauntlet)

   rElec:     It insulates you from electricity.
   Regen:     It increases your rate of health regeneration.
   Will:      It increases your willpower.
 D - the +9 scales of the Dragon King (worn) {rPois rF+ rC+ Will+}
   (You bought it in a shop on level 2 of the Orcish Mines)

   rF:        It protects you from fire.
   rC:        It protects you from cold.
   rPois:     It protects you from poison.
   Will:      It increases your willpower.
 M - a +2 hat of stealth (worn)
 R - a +2 pair of gloves (worn)
Jewellery
 g - a ring of positive energy
 m - the ring of Noracu {Str+3 SInv}
   (You found it on level 3 of the Spider Nest)

   [ring of see invisible]

   Str:       It affects your strength (+3).
   SInv:      It lets you see invisible.
 p - a ring of protection from cold
 z - the ring of Tiviemm (left hand) {EV+5 Str+9}
   (You found it on level 1 of the Depths)

   [ring of evasion]

   EV:        It affects your evasion (+5).
   Str:       It affects your strength (+9).
 K - the amulet of Divine Compulsion (around neck) {Reflect rElec Int+4 Dex+4 SH+5}
   (You took it off a deep elf high priest on level 3 of the Elven Halls)

   [amulet of reflection]

   It reflects blocked missile attacks.
   Int:       It affects your intelligence (+4).
   Dex:       It affects your dexterity (+4).
   rElec:     It insulates you from electricity.
   SH:        It affects your SH (+5).
 T - the amulet "Pyiweq" {rPois Regen+}
   (You found it on level 5 of the Lair of Beasts)

   [amulet of regeneration]

   rPois:     It protects you from poison.
   Regen:     It increases your rate of health regeneration.
 V - a ring of resist corrosion
 X - the ring of Divine Compulsion (right hand) {rF+ EV+5 Str+4}
   (You bought it in a shop on level 4 of the Depths)

   [ring of evasion]

   EV:        It affects your evasion (+5).
   Str:       It affects your strength (+4).
   rF:        It protects you from fire.
Wands
 e - a wand of paralysis (82)
 s - a wand of polymorph (21)
 C - a wand of mindburst (58)
 F - a wand of quicksilver (21)
 J - a wand of digging (10)
 N - a wand of flame (11)
 Z - a wand of iceblast (13)
Scrolls
 a - 5 scrolls of summoning
 o - 4 scrolls of immolation
 u - 4 scrolls of fear
 v - 29 scrolls of teleportation
 w - 12 scrolls of enchant weapon
 B - 27 scrolls of identify
 E - 9 scrolls of poison
 H - 3 scrolls of silence
 I - 6 scrolls of fog
Potions
 c - 4 potions of mutation
 d - 8 potions of might
 h - 10 potions of haste
 i - 20 potions of curing
 k - 6 potions of resistance
 t - a potion of heal wounds
 x - 8 potions of attraction
 y - 2 potions of cancellation
 A - 20 potions of ambrosia
 O - 3 potions of invisibility
Miscellaneous
 f - a phantom mirror
 S - a lightning rod (4/4)
 W - a condenser vane
 Y - a phial of floods


   Skills:
 - Level 20.9 Fighting
 - Level 21.7 Maces & Flails
 - Level 4.2 Ranged Weapons
 - Level 18.9 Throwing
 + Level 23.1 Armour
 - Level 14.3 Dodging
 - Level 8.7 Stealth
 - Level 3.2 Shields
 - Level 15.1 Evocations


You had 24 spell levels left.
You didn't know any spells.
Your spell library was empty.

Dungeon Overview and Level Annotations

Branches:
Dungeon (15/15)            Temple (0/1) D:5            Lair (5/5) D:11
 Shoals (4/4) Lair:3       Spider (4/4) Lair:2        Slime (5/5) Lair:5
    Orc (2/2) D:12            Elf (3/3) Orc:2        Vaults (4/5) D:14
  Crypt (0/3) Vaults:2     Depths (4/4) D:15           Hell (visited)
    Zot (5/5) Depths:4    Ossuary (visited)           IceCv (visited)
 WizLab (visited)         Gauntlet (visited)
    Dis: Hell:1         Geh: Hell:1         Coc: Hell:1         Tar: Hell:1

Altars:
Ashenzari
Dithmenos
Elyvilon
Fedhas
Gozag
Hepliaklqana
Kikubaaqudgha
Okawaru
Ru
Trog
Uskayaw
Wu Jian
Yredelemnul
Jiyva

Shops:
D:2 !(!*(   D:6 :   D:9 =   D:12 !   D:13 [   Orc:2 [(((   Elf:2 (   Vaults:1 ?
Vaults:4 [?(**   Depths:1 :=:   Depths:4 *?*=

Portals:
Hell: Depths:1 Depths:2 Depths:3 Depths:4
Abyss: Depths:3
Pandemonium: Depths:1 Depths:2
Ziggurat: Depths:2

Annotations:
Shoals:3 2 transporters, exclusion: orange crystal statue
Hell Geryon


Innate Abilities, Weirdness & Mutations

You are completely covered in rugged brown scales. (AC +3, +7% HP)
Armour fits poorly on your strangely shaped body.
You have a long armoured tail.
You roll when moving toward enemies. (Rampage)
Your long tongue fully drains potion bottles. (2x potion effects)
Your tongue gives you trouble enunciating. (1.5x scroll delay)
You have a pair of horns on your head.
You are partially covered in large bone plates. (SH +4)
You are clumsy. (Dex -2)
Your magical capacity is low. (-10% MP)
You do not regenerate when monsters are visible.
You are weak. (Str -2)
Your spells are a little harder to cast, but a little more powerful.
You occasionally lose the ability to drink potions when taking damage.


Message History

The cherub shoots a sling bullet.
The sling bullet completely misses you.
The cherub sings a powerful hymn!
The cherub goes into a battle-frenzy!
The cherub unwields a +3 scimitar of flaming.
It stops flaming.
The cherub wields a +0 sling.
The cherub shoots a sling bullet.
The sling bullet misses you.
A cacodemon, a sixfirhy and an orange demon come into view.
The orange demon screeches!
The sixfirhy completely misses you. The cacodemon gestures at you.
Strange energies course through your body.
You feel frail. The sixfirhy completely misses you.
You block the sixfirhy's attack.
The sixfirhy hits you but does no damage.
The cacodemon gestures at you.
Strange energies course through your body.
You occasionally lose the ability to drink potions when taking damage.
The orange demon completely misses you. The sixfirhy hits you.
The sixfirhy shocks you. You resist. You block the sixfirhy's attack. x2
The cacodemon completely misses you. x2
The cacodemon gestures at you.
Strange energies course through your body.
Your regeneration stops near monsters.
The cacodemon gestures at the rock wall.
You hear a grinding noise.
The sixfirhy closely misses you. You block the sixfirhy's attack.
The sixfirhy closely misses you.
You hear a grinding noise.
You hear a grinding noise.
The sixfirhy hits you but does no damage.
You block the sixfirhy's attack. The sixfirhy misses you.
You block the sixfirhy's attack.
There is a staircase leading out of the dungeon here.
You crush the sixfirhy like a grape!!!
You kill the sixfirhy!
Trog accepts your kill.
You have escaped!

# #...........# ####.##.#
#####...........####.##.##.####
................'......>..†...#
#####...........####.##.##.####
### ############# #.##.##...#
..### ### ######.##.##.#.#
4...#####.## ##...##.........#
###..##....###.....#.......#.##
# ..............@..#.#........#
# .##..######.#...##.#...#.#..#
# #### ########.......#..# ##
### #..........# .###.###
#.......#.## ..#....##
#.......### .....##.########
##.#.##.## #...###...##...##
##.#.....# #..##.#..##..⌠..#
#..#..#..###


There were no monsters in sight!

Vanquished Creatures
  the Royal Jelly (Slime:5)
  3 dread liches (Zot:5)
  4 orbs of fire
  Mara (Vaults:2)
  A shard shrike (Zot:3)
  Sojobo (Depths:1)
  A Killer Klown (Zot:5)
  Saint Roka (Depths:3)
  Frederick (Vaults:4)
  Xtahua (Vaults:2)
  Vv (Depths:3)
  2 curse toes (Zot:3)
  4 golden dragons
  Nikola (Shoals:2)
  3 electric golems
  3 doom hounds
  The ghost of Kite the Executioner, an adept MiBe of Trog (Elf:3)
  An iron giant (Zot:5)
  A Tzitzimitl (Zot:1)
  A Hell Sentinel (D:12)
  9 tentacled monstrosities
  26 Orb Guardians
  Grunn (Zot:2)
  Asterion (Vaults:1)
  17 acid blobs
  2 deep elf master archers (Elf:3)
  4 deep elf blademasters (Elf:3)
  5 quicksilver dragons
  Polyphemus (Shoals:2)
  3 ancient champions (WizLab)
  4 krakens
  3 death cobs
  7 storm dragons
  Gastronok (D:8)
  Frances (Elf:1)
  A shadow dragon (Zot:4)
  5 sphinxes
  5 tengu reavers
  Kirke (D:15)
  Roxanne (D:14)
  8 draconian monks
  3 revenants (WizLab)
  8 azure jellies
  6 rockslimes
  A daeva (Depths:2)
  Ilsuiw (Shoals:3)
  4 draconian knights
  The ghost of Cumifues the Severer, a journeyman MiMo of Qazlal (Spider:3)
  11 vault wardens
  3 fire giants
  3 deep elf sorcerers (Elf:3)
  7 emperor scorpions
  6 frost giants
  2 balrugs
  7 ghost moths
  A draconian shifter (Zot:5)
  An iron dragon (Depths:3)
  Aizul (Spider:1)
  2 orc warlords (Vaults:4)
  6 draconian scorchers
  4 draconian stormcallers (Zot:5)
  6 draconian annihilators
  5 deep elf elementalists (Elf:3)
  An angel (Depths:2)
  The ghost of Vorhees the Markself, a journeyman DEHu of Okawaru (D:14)
  A reaper (Zot:1)
  13 ironbound preservers
  27 very ugly things
  14 quicksilver oozes
  A broodmother (Spider:2)
  4 ironbound thunderhulks
  7 stone giants
  The ghost of Frank the Carver, a journeyman DsFi of Hepliaklqana (Lair:4)
  A spectral titan (WizLab)
  2 deep elf demonologists (Elf:3)
  A putrid mouth (Zot:2)
  7 black draconians
  10 white draconians
  4 halazid warlocks (WizLab)
  9 red draconians
  3 green draconians (Zot:5)
  6 deep elf annihilators
  8 yellow draconians
  24 dire elephants
  A lorocyproca (Depths:1)
  10 spark wasps
  A minotaur (Gauntlet)
  10 purple draconians
  2 eidola (WizLab)
  5 ettins
  6 deep elf death magi
  Josephine (Orc:1)
  2 spectral quicksilver dragons (WizLab)
  6 fire dragons
  2 jiangshi (WizLab)
  6 merfolk javelineers
  7 deep elf high priests (Elf:3)
  The ghost of p0werm0de the Fighter, a journeyman MiFi of Cheibriados (D:10)
  8 merfolk impalers
  3 yaktaur captains
  11 great orbs of eyes
  2 entropy weavers
  Fannar (D:12)
  2 rakshasas
  2 spriggan air magi
  2 ogre magi
  3 ice dragons
  8 ironbound frosthearts
  2 alligator snapping turtles
  5 radroaches
  A ghost crab (Gauntlet)
  Erolcha (D:12)
  5 hydras
  4 merfolk avatars
  8 vault guards
  4 centaur warriors
  2 jorogumos
  A two-headed ogre (shapeshifter) (Vaults:4)
  3 catoblepae
  2 merfolk aquamancers (Shoals:3)
  7 boulder beetles
  14 dancing weapons
  A death knight (D:15)
  9 two-headed ogres
  2 deep troll shamans
  2 tengu warriors
  The ghost of Ralhos the Blocker, a novice MiBe of Trog (D:9)
  A death scarab (Spider:4)
  4 satyrs
  4 hell hogs (Depths:4)
  6 death yaks
  A titan zombie (WizLab)
  3 deep troll earth magi
  6 orc high priests (Orc:2)
  Urug (D:12)
  2 vampire magi
  3 soul eaters
  5 sun demons
  3 spriggan berserkers
  14 hell knights
  13 deep elf knights
  2 spriggans (Depths:4)
  Sonja (Lair:4)
  Amaemon (Lair:2)
  A sixfirhy (D:1)
  5 iron trolls
  10 skysharks
  A skyshark (shapeshifter) (Vaults:4)
  A spectral death yak (Lair:5)
  A sun moth (Spider:4)
  A spark wasp zombie (WizLab)
  A fire crab (Lair:5)
  3 shadow wraiths (WizLab)
  7 pharaoh ants
  8 skeletal warriors
  A spectral anaconda (Lair:5)
  4 flayed ghosts
  38 deep trolls
  2 sea snakes (Shoals:4)
  2 glowing orange brains
  11 orb spiders
  3 wizards
  3 steelbarb worms
  8 lindwurms
  19 ironbound convokers
  19 deep elf zephyrmancers
  5 deep elf archers
  An obsidian statue (Lair:5)
  11 necromancers
  17 fauns
  A spectral wolf spider (WizLab)
  4 phantasmal warriors
  45 ugly things
  11 orc knights
  7 harpies
  30 wolf spiders
  21 deep elf pyromancers
  A wolf spider (shapeshifter) (Vaults:4)
  4 orc sorcerers
  6 cyclopes
  A shining eye (shapeshifter) (Vaults:4)
  2 shining eyes
  2 oklob plants
  2 spectral spriggans (WizLab)
  A salamander (Depths:4)
  10 manticores
  3 water nymphs
  An elephant (shapeshifter) (Depths:4)
  36 elephants
  2 naga magi (D:15)
  15 moths of wrath
  2 toenail golems
  7 merfolk sirens
  Maurice (D:8)
  112 slime creatures
  2 centaur zombies (D:15)
  An orange demon (Lair:2)
  7 black mambas
  A molten gargoyle (Depths:4)
  16 vault sentinels
  2 eyes of devastation
  5 demonic crawlers
  An unseen horror (D:13)
  11 cane toads
  4 smoke demons (Depths:4)
  4 torpor snails
  2 rust devils
  A hellion (D:15)
  Psyche (D:8)
  16 komodo dragons
  2 kobold demonologists
  2 rime drakes
  2 centaur skeletons (D:15)
  2 tormentors (Zot:1)
  An ice devil (Depths:1)
  An efreet (D:14)
  2 freezing wraiths
  20 yaktaurs
  A tengu conjurer (Depths:3)
  A queen bee (shapeshifter) (D:14)
  2 spectral harpies (WizLab)
  7 trolls
  A red devil (Depths:1)
  10 hornets
  3 meliai
  A polar bear (Lair:1)
  2 queen bees
  A harpy zombie (WizLab)
  7 wind drakes
  23 tarantellas
  A meliai (shapeshifter) (D:13)
  33 merfolk
  The ghost of Vojta the Conjurer, an amateur GnCj of Cheibriados (D:4)
  A spriggan zombie (WizLab)
  13 snapping turtles
  10 dream sheep
  A dream sheep (shapeshifter) (Depths:4)
  20 blink frogs
  A snapping turtle (shapeshifter) (Depths:3)
  8 flying skulls (WizLab)
  27 jumping spiders
  A spectral elephant (Lair:5)
  A culicivora (shapeshifter) (Elf:1)
  Sigmund (D:2)
  5 air elementals
  30 culicivoras
  2 centaur simulacra (D:15)
  A yak (shapeshifter) (Vaults:4)
  2 shadows
  16 water elementals
  6 fire elementals
  2 humans (D:8)
  51 yaks
  3 wyverns
  13 wraiths
  8 golden eyes
  3 steam dragons
  A basilisk (shapeshifter) (Elf:2)
  3 neqoxecs (D:9)
  7 basilisks
  3 wargs
  3 death yak simulacra
  47 redbacks
  2 acid dragons (shapeshifter) (D:9)
  A spectral cane toad (Lair:5)
  3 hydra simulacra
  4 acid dragons
  16 water moccasins
  2 floating eyes
  3 sky beasts
  32 orc warriors
  A meliai simulacrum (D:14)
  12 ogres
  A black bear (D:5)
  12 wolves
  A tengu (shapeshifter) (D:9)
  A boggart (Vaults:1)
  An elephant skeleton (Lair:5)
  4 centaurs
  A phantom (D:12)
  4 kobold brigands
  16 bullfrogs
  A two-headed ogre simulacrum (D:13)
  2 cane toad simulacra
  4 earth elementals
  2 gnoll sergeants
  A scorpion (D:5)
  A scorpion (shapeshifter) (Depths:3)
  8 wights
  34 killer bees
  2 elephant simulacra (IceCv)
  3 electric eels
  5 howler monkeys
  6 jellies (Lair:5)
  26 orc priests
  3 hounds
  4 iguanas
  A sleepcap (D:6)
  A boggart zombie (D:15)
  21 orc wizards
  A scorpion zombie (D:4)
  7 hell rats
  A spriggan simulacrum (D:13)
  2 wolf simulacra
  6 ogre zombies (D:12)
  8 mummies (Ossuary)
  16 gnolls
  2 river rats (Lair:3)
  10 adders
  4 naga simulacra (D:13)
  4 shadow imps (Gauntlet)
  2 white imps
  An ufetubus (D:4)
  2 adder zombies (D:4)
  2 worms (D:2)
  A dart slug (D:5)
  88 orcs
  9 endoplasms
  2 giant cockroaches
  2 goblins
  5 hobgoblins
  19 kobolds
  6 quokkas
  6 ball pythons
  3 bats (D:2)
  2 frilled lizards
  2 goblin zombies (D:12)
  2 hobgoblin skeletons (D:12)
  3 hobgoblin zombies
  2 kobold zombies (Ossuary)
  An orc skeleton (D:12)
  17 orc zombies
  3 rats
  4 tentacles (Shoals:3)
2106 creatures vanquished.

Vanquished Creatures (collateral kills)
  A deep elf blademaster (Elf:2)
  An ancient champion (WizLab)
  A deep elf demonologist (Vaults:2)
  A merfolk javelineer (Shoals:4)
  2 deep elf death magi (Vaults:2)
  A deep elf high priest (Vaults:2)
  3 merfolk impalers
  6 dancing weapons (Elf:2)
  2 merfolk aquamancers (Shoals:4)
  A vampire mage (WizLab)
  A deep elf archer (Vaults:2)
  An ugly thing (IceCv)
  3 deep elf pyromancers (Elf:2)
  2 deep elf zephyrmancers
  A manticore (Shoals:4)
  An elephant (Lair:5)
  3 ice statues (IceCv)
  A merfolk (Shoals:2)
  A snapping turtle (Shoals:4)
  3 flying skulls (WizLab)
  A dire elephant simulacrum (IceCv)
  A hydra simulacrum (IceCv)
38 creatures vanquished.

Vanquished Creatures (others)
  A satyr (Shoals:2)
  A sun demon (Depths:3)
  A wizard (Vaults:1)
  A deep elf zephyrmancer (Elf:3)
  An ugly thing (Depths:3)
  A culicivora (Spider:4)
  A human (D:15)
  An ogre (Depths:2)
  47 bushes
  44 fungi
  102 plants
  16 tentacles
  25 withered plants
242 creatures vanquished.

Grand Total: 2386 creatures vanquished

Notes
Turn   | Place    | Note
-------+----------+-------------------------------------------
     0 | D:1      | Hedron the Armataur Berserker began the quest for the Orb.
     0 | D:1      | Reached XP level 1. HP: 19/19 MP: 1/1
   235 | D:1      | Reached XP level 2. HP: 26/26 MP: 2/2
   587 | D:1      | Reached XP level 3. HP: 30/32 MP: 3/3
   776 | D:1      | Found a faded altar of an unknown god.
   952 | D:2      | Noticed Sigmund
   960 | D:2      | Killed Sigmund
   961 | D:2      | Reached skill level 5 in Maces & Flails
   961 | D:2      | Reached XP level 4. HP: 39/39 MP: 4/4
   961 | D:2      | Reached XP level 5. HP: 44/44 MP: 5/5
  1032 | D:2      | Found Nyduq's Weapon Shop.
  1112 | D:2      | Found Woddinuh's General Store.
  1363 | D:2      | Found Ebeekofe's Weapon Shop.
  1417 | D:2      | Found Muawup's Distillery.
  1593 | D:2      | Found Iseice's Distillery.
  1710 | D:2      | Reached ** piety under Trog
  1760 | D:3      | Found a white marble altar of Elyvilon.
  2215 | D:3      | Reached XP level 6. HP: 30/53 MP: 6/6
  3160 | D:4      | Found a large runed translucent door.
  3161 | D:4      | Found a large runed translucent door.
  3165 | D:4      | Noticed Vojta's ghost (amateur GnCj)
  3195 | D:4      | Found a blossoming altar of Fedhas.
  3443 | D:5      | Entered Level 5 of the Dungeon
  3568 | D:5      | Reached XP level 7. HP: 59/59 MP: 7/7
  3638 | D:5      | Found a sand-covered staircase.
  3650 | Ossuary  | Entered an ossuary
  4230 | D:5      | Reached *** piety under Trog
  4511 | D:5      | Found a hazy altar of Hepliaklqana.
  4518 | D:5      | Reached XP level 8. HP: 63/66 MP: 8/8
  4518 | D:5      | Found a staircase to the Ecumenical Temple.
  5031 | D:6      | Found a broken altar of Ashenzari.
  5095 | D:6      | Reached skill level 10 in Maces & Flails
  5135 | D:6      | Found Kastrumy's Self-Improvement Boutique.
  5362 | D:6      | Found a shadowy altar of Dithmenos.
  6531 | D:2      | Bought a scroll of acquirement for 520 gold pieces
  6531 | D:2      | Acquired 968 gold pieces
  6565 | D:2      | Bought the +10 whip "Luevy" {freeze, rCorr Int+4} for 981
                  | gold pieces
  6766 | D:8      | Noticed Maurice
  6767 | D:8      | Paralysed by Maurice for 3 turns
  6896 | D:8      | Paralysed by Maurice for 5 turns
  6909 | D:8      | Reached XP level 9. HP: 45/72 MP: 9/9
  6914 | D:8      | Killed Maurice
  6995 | D:8      | Noticed Psyche
  7056 | D:8      | Killed Psyche
  7057 | D:8      | Reached skill level 3 in Armour
  7067 | D:8      | Reached skill level 4 in Armour
  7072 | D:8      | Reached skill level 5 in Armour
  7075 | D:8      | Reached skill level 6 in Armour
  7080 | D:8      | Reached skill level 7 in Armour
  7110 | D:8      | Reached **** piety under Trog
  7110 | D:8      | Noticed Gastronok
  7358 | D:8      | Reached skill level 8 in Armour
  7474 | D:8      | Found a sacrificial altar of Ru.
  7484 | D:8      | Killed Gastronok
  7485 | D:8      | Reached skill level 5 in Fighting
  7485 | D:8      | Reached XP level 10. HP: 86/86 MP: 10/10
  7830 | D:8      | Found an iron altar of Okawaru.
  8039 | D:9      | You fall into a shaft and drop 2 floors!
  8057 | D:10     | Entered Level 10 of the Dungeon
  8057 | D:10     | Noticed a two-headed ogre
  8058 | D:10     | Paralysed by a hornet for 1 turns
  8064 | D:10     | Killed a two-headed ogre
  8368 | D:10     | Noticed p0werm0de's ghost (journeyman MiFi)
  8429 | D:10     | Found an ancient bone altar of Kikubaaqudgha.
  8443 | D:10     | Found a transporter.
  8447 | D:10     | Found a transporter.
  8474 | D:10     | Reached skill level 1 in Shields
  8727 | D:10     | Acquired the +8 great mace of Pulus {flame, Will+ MP+9
                  | Str-5 Dex+5}
  8778 | D:10     | Acquired 1113 gold pieces
  8798 | D:10     | Reached XP level 11. HP: 89/100 MP: 11/11
  9363 | D:9      | Noticed a centaur warrior
  9368 | D:9      | Killed a centaur warrior
  9562 | D:2      | Bought a scroll of fear for 40 gold pieces
  9562 | D:2      | Bought a scroll of enchant weapon for 75 gold pieces
  9562 | D:2      | Bought a scroll of magic mapping for 75 gold pieces
  9596 | D:2      | Bought a potion of haste for 100 gold pieces
  9596 | D:2      | Bought a potion of might for 40 gold pieces
  9596 | D:2      | Bought a potion of heal wounds for 50 gold pieces
  9596 | D:2      | Bought 2 potions of curing for 60 gold pieces
  9596 | D:2      | Bought 2 potions of curing for 60 gold pieces
  9617 | D:2      | Bought a potion of heal wounds for 70 gold pieces
  9617 | D:2      | Bought a potion of curing for 42 gold pieces
  9617 | D:2      | Bought a potion of resistance for 140 gold pieces
  9617 | D:2      | Bought a potion of haste for 140 gold pieces
  9617 | D:2      | Bought a potion of curing for 42 gold pieces
  9768 | D:9      | Found Mitejifo's One-of-a-Kind Rings.
  9790 | D:9      | Found a runed translucent gate.
  9790 | D:9      | Found a runed translucent gate.
  9790 | D:9      | Noticed a cyan ugly thing
  9790 | D:9      | Noticed a glowing orange brain
  9790 | D:9      | a glowing orange brain changed into a water nymph
  9791 | D:9      | Found a runed translucent gate.
  9791 | D:9      | Noticed a glowing orange brain
  9791 | D:9      | Noticed a white ugly thing
  9791 | D:9      | Noticed a red ugly thing
  9791 | D:9      | Noticed a brown ugly thing
  9791 | D:9      | Noticed a cyan ugly thing
  9850 | D:9      | Noticed a two-headed ogre
  9857 | D:9      | Killed a two-headed ogre
 11251 | D:11     | Noticed a brown ugly thing
 11378 | D:11     | Killed a brown ugly thing
 11444 | D:11     | Reached ***** piety under Trog
 11666 | D:11     | Found a staircase to the Lair.
 11846 | D:11     | Found an ornate altar of the Wu Jian Council.
 12167 | Lair:1   | Entered Level 1 of the Lair of Beasts
 12171 | Lair:1   | Reached skill level 15 in Maces & Flails
 12171 | Lair:1   | Reached XP level 12. HP: 109/109 MP: 12/12
 12263 | Lair:1   | Noticed a boulder beetle
 12275 | Lair:1   | Killed a boulder beetle
 12961 | Lair:1   | Noticed a four-headed hydra
 12961 | Lair:1   | Noticed a boulder beetle
 12967 | Lair:1   | Killed a four-headed hydra
 12970 | Lair:1   | Killed a boulder beetle
 13682 | Lair:2   | Found a gate leading to a gauntlet.
 13767 | Gauntlet | Entered a Gauntlet
 13767 | Gauntlet | Found a transporter.
 13767 | Gauntlet | Found a transporter.
 13776 | Gauntlet | Found a transporter.
 13779 | Gauntlet | Found a transporter.
 13787 | Gauntlet | Found a transporter.
 13791 | Gauntlet | Found a transporter.
 13794 | Gauntlet | Noticed a death yak
 13794 | Gauntlet | Noticed a death yak
 13794 | Gauntlet | Noticed a death yak
 13795 | Gauntlet | Noticed a death yak
 13799 | Gauntlet | Found the +3 pair of seven-league boots {Rampage+∞}
 13800 | Gauntlet | Found a transporter.
 13812 | Gauntlet | Noticed a ghost crab
 13813 | Gauntlet | Found a runed translucent door.
 13816 | Gauntlet | Found a transporter.
 13819 | Gauntlet | Found a runed translucent door.
 13830 | Gauntlet | Found a transporter.
 13834 | Gauntlet | Found a transporter.
 13846 | Gauntlet | Found a transporter.
 13846 | Gauntlet | Found a transporter.
 14094 | Gauntlet | Killed a ghost crab
 14140 | Gauntlet | Identified the +1 cloak "Eleyniykit" {rElec Will+ Regen+}
 14167 | Gauntlet | Noticed a minotaur
 14176 | Gauntlet | Killed a minotaur
 14311 | Lair:2   | Acquired a manual of Maces & Flails
 14391 | Lair:2   | Noticed a catoblepas
 14403 | Lair:2   | Killed a catoblepas
 14404 | Lair:2   | Reached XP level 13. HP: 114/114 MP: 13/13
 14727 | Lair:2   | Noticed Amaemon
 14733 | Lair:2   | Killed Amaemon
 15077 | Lair:2   | Found a hole to the Spider Nest.
 15655 | Lair:3   | Found a staircase to the Shoals.
 15884 | Lair:3   | Received a gift from Trog
 15935 | Lair:3   | Reached skill level 9 in Armour
 16096 | Lair:3   | Reached skill level 10 in Armour
 16679 | Lair:4   | Noticed Sonja
 16705 | Lair:4   | Killed Sonja
 16827 | Lair:4   | Found a large runed translucent door.
 16828 | Lair:4   | Found a large runed translucent door.
 16830 | Lair:4   | Noticed Frank's ghost (journeyman DsFi)
 17078 | Lair:4   | Reached XP level 14. HP: 118/118 MP: 14/14
 17154 | Lair:4   | Reached skill level 11 in Armour
 17314 | Lair:5   | Entered Level 5 of the Lair of Beasts
 17398 | Lair:5   | Reached skill level 12 in Armour
 17453 | Lair:5   | Reached skill level 1 in Throwing
 17459 | Lair:5   | Received a gift from Trog
 17613 | Lair:5   | Found an opulent altar of Gozag.
 17756 | Lair:5   | Found a sacrificial altar of Ru.
 17763 | Lair:5   | Reached skill level 5 in Throwing
 17936 | Lair:5   | Found a viscous altar of Jiyva.
 17942 | Lair:5   | Found a staircase to the Slime Pits.
 19091 | Lair:5   | Identified the amulet "Pyiweq" {rPois Regen+}
 19374 | D:12     | Found a staircase to the Orcish Mines.
 19382 | D:12     | Reached skill level 1 in Evocations
 19382 | D:12     | Reached XP level 15. HP: 129/129 MP: 15/15
 19502 | D:12     | Noticed Fannar
 19520 | D:12     | Killed Fannar
 19582 | D:12     | Found Coosm's Distillery.
 19586 | D:12     | Bought a potion of heal wounds for 70 gold pieces
 19586 | D:12     | Bought 2 potions of haste for 280 gold pieces
 19586 | D:12     | Bought a potion of curing for 42 gold pieces
 19586 | D:12     | Bought a potion of heal wounds for 70 gold pieces
 19586 | D:12     | Bought a potion of heal wounds for 70 gold pieces
 19935 | D:12     | Noticed Urug
 19943 | D:12     | Killed Urug
 19983 | D:12     | Noticed Erolcha
 20000 | D:12     | Killed Erolcha
 20099 | D:12     | Reached skill level 5 in Evocations
 20216 | Orc:1    | Entered Level 1 of the Orcish Mines
 20216 | Orc:1    | Noticed Josephine
 20223 | Orc:1    | Killed Josephine
 20432 | Orc:2    | Entered Level 2 of the Orcish Mines
 20457 | Orc:1    | Received a gift from Trog
 20941 | Orc:2    | Identified the +7 great mace of Absolution {heavy, rF++}
                  | (Trog gifted it to you on level 2 of the Orcish Mines)
 20941 | Orc:2    | Received a gift from Trog
 21095 | Orc:2    | Found a staircase to the Elven Halls.
 21451 | Orc:2    | Found Nynoot's Antique Weapon Boutique.
 21451 | Orc:2    | Found Taffogon's Antique Weapon Boutique.
 21452 | Orc:2    | Found Kooquusch's Armour Boutique.
 21452 | Orc:2    | Found Eckor's Weapon Shop.
 22169 | D:13     | Found a frozen archway.
 22217 | IceCv    | Entered an ice cave
 22227 | IceCv    | Received a gift from Trog
 22315 | IceCv    | Acquired 692 gold pieces
 22427 | IceCv    | Identified the +3 battleaxe of Fedhas, Enchanting {freeze,
                  | rC++ Int+3}
 22657 | D:13     | Found Galod Tiom's Antique Armour Shop.
 22836 | Orc:2    | Bought the +9 scales of the Dragon King {rPois rF+ rC+
                  | Will+} for 1622 gold pieces
 22836 | Orc:2    | Found the +9 scales of the Dragon King {rPois rF+ rC+
                  | Will+}
 23007 | D:13     | Reached skill level 10 in Evocations
 23415 | D:14     | Noticed Roxanne
 23548 | D:14     | Found a gate to the Vaults.
 23869 | D:14     | Found a runed translucent door.
 23870 | D:14     | Noticed Vorhees's ghost (journeyman DEHu)
 24287 | D:15     | Entered Level 15 of the Dungeon
 24554 | D:14     | Reached XP level 16. HP: 105/141 MP: 16/16
 24637 | D:15     | Found a bloodstained altar of Trog.
 24637 | D:15     | Noticed Kirke
 24641 | D:15     | Killed Kirke
 24656 | D:15     | Reached skill level 10 in Fighting
 24832 | D:15     | Reached ****** piety under Trog
 24860 | D:15     | Found a staircase to the Depths.
 25163 | Spider:1 | Entered Level 1 of the Spider Nest
 25371 | Lair:2   | Received a gift from Trog
 25493 | Lair:2   | Reached skill level 5 in Dodging
 25542 | Spider:1 | Noticed Aizul
 25550 | Spider:1 | Killed Aizul
 25931 | Spider:1 | Reached skill level 13 in Armour
 26752 | Spider:2 | Reached skill level 14 in Armour
 26803 | Spider:2 | Received a gift from Trog
 26859 | Spider:2 | You fall into a shaft and drop 1 floor!
 27677 | Spider:3 | Reached skill level 15 in Armour
 28233 | Spider:3 | Found a runed translucent door.
 28236 | Spider:3 | Noticed Cumifues's ghost (journeyman MiMo)
 28245 | Spider:3 | Killed Cumifues's ghost
 28306 | Spider:3 | Identified the ring of Noracu {Str+3 SInv}
 28338 | Spider:4 | Entered Level 4 of the Spider Nest
 28352 | Spider:4 | Reached XP level 17. HP: 89/151 MP: 17/17
 28417 | Spider:3 | Reached skill level 16 in Armour
 28657 | Spider:3 | Received a gift from Trog
 28734 | Spider:2 | Reached skill level 1 in Ranged Weapons
 29159 | Spider:4 | HP: 7/229 [disintegration (54)]
 29641 | Spider:4 | Reached skill level 1 in Stealth
 29885 | Spider:4 | Reached skill level 5 in Stealth
 30034 | Spider:4 | Received a gift from Trog
 30193 | Spider:4 | Got a gossamer rune of Zot
 30403 | Shoals:1 | Entered Level 1 of the Shoals
 30868 | Shoals:1 | Noticed a kraken
 30877 | Shoals:1 | Killed a kraken
 31640 | Shoals:2 | Noticed a kraken
 31647 | Shoals:2 | Killed a kraken
 31860 | Shoals:2 | Noticed Nikola
 31867 | Shoals:2 | Killed Nikola
 32011 | Shoals:2 | Reached XP level 18. HP: 158/161 MP: 18/18
 32807 | Shoals:3 | Noticed Ilsuiw
 32825 | Shoals:3 | Killed Ilsuiw
 32939 | Shoals:3 | Found a transporter.
 33017 | Shoals:2 | Received a gift from Trog
 33195 | Shoals:3 | Noticed Polyphemus
 33226 | Shoals:3 | Identified the ring "Fits" {rPois MP+9}
 33289 | Shoals:2 | Killed Polyphemus
 33343 | Shoals:2 | Reached skill level 17 in Armour
 33925 | Shoals:3 | Reached skill level 18 in Armour
 34277 | Shoals:3 | Found a transporter.
 34512 | Shoals:4 | Entered Level 4 of the Shoals
 34745 | Shoals:4 | Identified the +7 spear of Plog {flame, Drain rF++}
 34879 | Shoals:4 | Received a gift from Trog
 34891 | Shoals:4 | Identified the +6 great sword of Truncation {spect, rPois
                  | MP+9 Int+8 Dex-2}
 35468 | Shoals:4 | Got a barnacled rune of Zot
 35794 | Vaults:1 | Entered Level 1 of the Vaults
 35848 | Vaults:1 | Noticed Asterion
 35854 | Vaults:1 | Killed Asterion
 36172 | Vaults:1 | Found a magical portal.
 36188 | WizLab   | Entered Borgnjor's Mausoleum
 36232 | WizLab   | Reached XP level 19. HP: 177/177 MP: 19/19
 36470 | WizLab   | Received a gift from Trog
 36873 | WizLab   | Reached skill level 15 in Fighting
 37542 | Vaults:1 | Found Ohidwig's Magic Scroll Shoppe.
 37557 | Vaults:1 | Bought a scroll of teleportation for 45 gold pieces
 37557 | Vaults:1 | Bought a scroll of fog for 60 gold pieces
 37557 | Vaults:1 | Bought a scroll of poison for 60 gold pieces
 37557 | Vaults:1 | Bought a scroll of magic mapping for 112 gold pieces
 37557 | Vaults:1 | Bought a scroll of poison for 60 gold pieces
 37557 | Vaults:1 | Bought 2 scrolls of fear for 120 gold pieces
 37557 | Vaults:1 | Bought a scroll of teleportation for 45 gold pieces
 37738 | Vaults:1 | Received a gift from Trog
 38552 | Vaults:2 | Reached skill level 10 in Throwing
 38925 | Vaults:2 | Noticed Mara
 38946 | Vaults:2 | Noticed Hedron's illusion
 38956 | Vaults:2 | Killed Mara
 39115 | Vaults:2 | Noticed Xtahua
 39512 | Vaults:2 | Reached XP level 20. HP: 158/194 MP: 20/20
 39531 | Vaults:2 | Killed Xtahua
 39713 | Vaults:2 | Found a staircase to the Crypt.
 39713 | Vaults:2 | Found an ancient bone altar of Kikubaaqudgha.
 39714 | Vaults:2 | Found a basalt altar of Yredelemnul.
 40123 | Vaults:3 | Received a gift from Trog
 41359 | Vaults:4 | Received a gift from Trog
 41597 | Vaults:4 | Found Yblyin's Assorted Antiques.
 41655 | Vaults:4 | Gained mutation: You are clumsy. (Dex -2) [a shining eye]
 41725 | Vaults:4 | Reached skill level 15 in Throwing
 41841 | Vaults:4 | Found Paomy's Magic Scroll Boutique.
 42178 | Vaults:4 | Bought a scroll of summoning for 199 gold pieces
 42178 | Vaults:4 | Bought a scroll of teleportation for 63 gold pieces
 42178 | Vaults:4 | Bought a scroll of blinking for 157 gold pieces
 42178 | Vaults:4 | Bought a scroll of teleportation for 63 gold pieces
 42178 | Vaults:4 | Bought a scroll of teleportation for 63 gold pieces
 42178 | Vaults:4 | Bought a scroll of poison for 84 gold pieces
 42178 | Vaults:4 | Bought a scroll of magic mapping for 157 gold pieces
 42217 | Vaults:4 | Found Jenyonn's Weapon Shop.
 42247 | Vaults:4 | Reached skill level 19 in Armour
 42323 | Vaults:4 | Received a gift from Trog
 42446 | Vaults:4 | Found Hehepumeq's Assorted Antiques.
 42484 | Vaults:4 | Noticed Frederick
 42531 | Vaults:3 | Reached XP level 21. HP: 180/202 MP: 21/21
 42591 | Vaults:4 | Killed Frederick
 42752 | Vaults:4 | Found Fuwnelol's Armour Boutique.
 43037 | Depths:1 | Entered Level 1 of the Depths
 43318 | Depths:1 | Noticed Sojobo
 43466 | Depths:1 | Paralysed by an air elemental for 1 turns
 43483 | Depths:1 | Paralysed by an air elemental for 1 turns
 43488 | Depths:1 | Paralysed by an air elemental for 1 turns
 43492 | Depths:1 | Paralysed by an air elemental for 1 turns
 43498 | Depths:1 | Killed Sojobo
 43499 | Depths:1 | Reached skill level 20 in Armour
 43769 | Depths:1 | Found a one-way gate leading to the halls of Pandemonium.
 43812 | Depths:1 | Found a hide-covered altar of Uskayaw.
 44136 | Depths:1 | Found a gateway to Hell.
 44211 | Depths:1 | Found Meomeg's Book Shoppe.
 44224 | Depths:1 | Reached skill level 21 in Armour
 44275 | Depths:1 | Found Vucosch's Jewellery Shop.
 44276 | Depths:1 | Found Ajyxtiun's Book Shoppe.
 44489 | Depths:1 | Identified the ring of Tiviemm {EV+5 Str+9}
 44942 | Depths:2 | Received a gift from Trog
 44968 | Depths:2 | Reached skill level 22 in Armour
 45055 | Depths:2 | Found a one-way gateway to a ziggurat.
 45442 | Depths:1 | Bought a manual of Throwing for 1120 gold pieces
 45464 | Hell     | Entered the Vestibule of Hell
 45464 | Hell     | Noticed Geryon
 45785 | Depths:3 | Paralysed by a floating eye for 2 turns
 45814 | Depths:3 | Found a one-way gate to the infinite horrors of the Abyss.
 45823 | Depths:3 | Noticed Saint Roka
 45837 | Depths:3 | Killed Saint Roka
 46253 | Depths:3 | Noticed Vv
 46469 | Depths:3 | Killed Vv
 46539 | Depths:4 | Entered Level 4 of the Depths
 46549 | Depths:4 | Noticed a golden dragon
 46879 | Depths:3 | Received a gift from Trog
 46990 | Depths:4 | Reached XP level 22. HP: 190/209 MP: 22/22
 47176 | Depths:4 | Killed a golden dragon
 47506 | Depths:4 | Found Suhuom's Jewellery Shoppe.
 47506 | Depths:4 | Found Firhaasa's General Store.
 47511 | Depths:4 | Found Kumpittu's Assorted Antiques.
 47512 | Depths:4 | Found Raymopt's Magic Scroll Emporium.
 47737 | Depths:4 | Found a gate to the Realm of Zot.
 48185 | Slime:1  | Entered Level 1 of the Pits of Slime
 48498 | Slime:1  | Received a gift from Trog
 49705 | Slime:4  | Paralysed by a floating eye for 3 turns
 50174 | Lair:4   | Identified the +5 shortbow of Riuneuso {freeze, rF+ Will+}
 50177 | Lair:4   | Identified the +9 morningstar of Dullness {heavy, rPois
                  | rC+++ Str-3 Dex-4}
 50197 | Lair:4   | Killed Frank's ghost
 50384 | D:10     | Killed p0werm0de's ghost
 50514 | D:9      | Found a runed translucent gate.
 50514 | D:9      | Found a runed translucent gate.
 50516 | D:9      | Noticed Ralhos's ghost (novice MiBe)
 50521 | D:9      | Found a runed translucent gate.
 50683 | D:4      | Killed Vojta's ghost
 50683 | D:4      | Received a gift from Trog
 50929 | D:14     | Killed Vorhees's ghost
 50939 | D:14     | Identified the +5 long sword "Ykkash" {protect, rElec}
 51018 | D:14     | Killed Roxanne
 51311 | Slime:5  | Entered Level 5 of the Pits of Slime
 51712 | Slime:5  | Noticed the Royal Jelly
 52256 | Slime:5  | Killed the Royal Jelly
 52422 | Slime:5  | Identified the amulet "Mimew" {Acrobat Drain rPois rN+
                  | Int+2}
 52426 | Slime:5  | Got a slimy rune of Zot
 52493 | Slime:5  | Identified the +0 scale mail of Hangman {-Cast Will+
                  | Stlth+}
 52576 | Slime:5  | Identified the staff of air "Pydosm" {rElec Str+3 Dex+4}
 52641 | Slime:5  | Identified the staff of death "Sov Xeigu" {rElec rC+ rN+}
 53100 | Elf:1    | Entered Level 1 of the Elven Halls
 53459 | Elf:1    | Paralysed by an air elemental for 1 turns
 53677 | Elf:1    | Noticed Frances
 53684 | Elf:1    | Killed Frances
 53684 | Elf:1    | Received a gift from Trog
 53707 | Elf:1    | Reached XP level 23. HP: 220/220 MP: 23/23
 54091 | Elf:2    | Found Zonihif's Weapon Emporium.
 54092 | Elf:2    | Paralysed by an air elemental for 1 turns
 54094 | Elf:2    | Identified the staff of air "Nots" {rElec Dex+2}
 54233 | Elf:2    | Found a huge runed translucent gate.
 54235 | Elf:2    | Found a huge runed translucent gate.
 54240 | Elf:2    | Found a huge runed translucent gate.
 54241 | Elf:2    | Found a huge runed translucent gate.
 54241 | Elf:2    | Found a huge runed translucent gate.
 54927 | Elf:3    | Entered Level 3 of the Elven Halls
 55326 | Elf:3    | Paralysed by an air elemental for 1 turns
 55451 | Elf:3    | Found a runed translucent door.
 55457 | Elf:3    | Noticed Kite's ghost (adept MiBe)
 55493 | Elf:3    | Killed Kite's ghost
 55493 | Elf:3    | Received a gift from Trog
 56171 | Elf:3    | Identified the +4 flail of the Ten Olives {flame, Str+3}
 56283 | Elf:3    | Reached skill level 15 in Evocations
 56309 | Elf:3    | Identified the +8 spear of the Imperium {venom, Will+}
 56309 | Elf:3    | Identified the orb of Pandemonium {*Rage, rElec Int+2}
 56365 | Elf:3    | Paralysed by an air elemental for 1 turns
 56367 | Elf:3    | Paralysed by an air elemental for 1 turns
 56564 | Elf:3    | Identified the amulet of Divine Compulsion {Reflect rElec
                  | Int+4 Dex+4 SH+5}
 56678 | Elf:3    | Identified the +1 mace "Wyogann" {freeze, *Corrode Str+3
                  | Int+8 Dex-2}
 56682 | Elf:3    | Identified the +1 hand axe "Upnis" {venom, Contam rPois
                  | Str+2 SInv}
 56683 | Elf:3    | Identified the +4 arbalest of Okawaru's Condemnation
                  | {flame, rElec MP+9 Dex+2}
 57187 | Zot:1    | Entered Level 1 of the Realm of Zot
 57412 | Depths:4 | Bought the ring of Divine Compulsion {rF+ EV+5 Str+4} for
                  | 934 gold pieces
 57557 | Zot:1    | Reached skill level 10 in Dodging
 58364 | Zot:2    | Noticed Grunn
 58415 | Zot:2    | Killed Grunn
 58431 | Zot:1    | Received a gift from Trog
 58799 | Zot:3    | Noticed a curse toe
 58802 | Zot:3    | Killed a curse toe
 58974 | Zot:3    | Noticed an orb of fire
 58986 | Zot:3    | Gained mutation: You have hidden genetic defects. [an orb
                  | of fire]
 59007 | Zot:3    | Gained mutation: You are very clumsy. (Dex -4) [an orb of
                  | fire]
 59012 | Zot:3    | Gained mutation: You are dopey. (Int -2) [an orb of fire]
 59018 | Zot:3    | Killed an orb of fire
 59235 | Zot:3    | Noticed a shard shrike
 59263 | Zot:2    | Reached XP level 24. HP: 169/230 MP: 23/23
 59418 | Zot:3    | Killed a shard shrike
 59783 | Zot:4    | HP: 11/230 [wandering mushroom[a curse toe] (6)]
 60015 | Zot:4    | Noticed an orb of fire
 60022 | Zot:4    | Killed an orb of fire
 60026 | Zot:4    | Gained mutation: You are weak. (Str -2) [hidden defects]
 60060 | Zot:5    | Entered Level 5 of the Realm of Zot
 60501 | Zot:5    | Received a gift from Trog
 60851 | Zot:5    | Gained mutation: Your spells are a little easier to cast,
                  | but a little less powerful. [hidden defects]
 60851 | Zot:5    | Lost mutation: You have hidden genetic defects. [hidden
                  | defects expressed]
 60852 | Zot:5    | Noticed a dread lich
 60864 | Zot:5    | HP: 7/236 [Orb Guardian (34)]
 61439 | D:9      | Killed Ralhos's ghost
 61471 | D:9      | Gained mutation: You are partially covered in large bone
                  | plates. (SH +4) [mutagenic glow]
 61481 | D:9      | Gained mutation: You have hidden genetic defects.
                  | [mutagenic glow]
 61999 | Zot:5    | Killed a dread lich
 62083 | Zot:5    | Noticed an orb of fire
 62088 | Zot:5    | Killed an orb of fire
 62089 | Zot:5    | Noticed a Killer Klown
 62089 | Zot:5    | Noticed a dread lich
 62096 | Zot:5    | Killed a Killer Klown
 62100 | Zot:5    | Killed a dread lich
 62130 | Zot:5    | Noticed a dread lich
 62156 | Zot:5    | Killed a dread lich
 62181 | Zot:5    | Gained mutation: You occasionally shout uncontrollably at
                  | your foes. [hidden defects]
 62247 | Zot:5    | Noticed an orb of fire
 62253 | Zot:5    | Gained mutation: Your magical capacity is low. (-10% MP)
                  | [an orb of fire]
 62255 | Zot:5    | Killed an orb of fire
 62259 | Zot:5    | Received a gift from Trog
 62687 | Zot:5    | Noticed a Killer Klown
 62687 | Zot:5    | a Killer Klown changed into an iron giant
 62795 | Zot:5    | Gained mutation: You sometimes lose your temper in combat.
                  | [hidden defects]
 62795 | Zot:5    | Lost mutation: You have hidden genetic defects. [hidden
                  | defects expressed]
 62801 | Zot:5    | Reached XP level 25. HP: 138/250 MP: 20/20
 62921 | Zot:5    | Lost mutation: You sometimes lose your temper in combat.
                  | [potion of mutation]
 62921 | Zot:5    | Lost mutation: You are very clumsy. (Dex -4) [potion of
                  | mutation]
 62921 | Zot:5    | Lost mutation: Your spells are a little easier to cast, but
                  | a little less powerful. [potion of mutation]
 62921 | Zot:5    | Lost mutation: You are dopey. (Int -2) [potion of mutation]
 62921 | Zot:5    | Lost mutation: You occasionally shout uncontrollably at
                  | your foes. [potion of mutation]
 62921 | Zot:5    | Lost mutation: You are partially covered in large bone
                  | plates. (SH +4) [potion of mutation]
 62921 | Zot:5    | Gained mutation: Your spells are a little harder to cast,
                  | but a little more powerful. [potion of mutation]
 62921 | Zot:5    | Gained mutation: You are partially covered in large bone
                  | plates. (SH +4) [potion of mutation]
 62921 | Zot:5    | Gained mutation: You have a pair of small horns on your
                  | head. [potion of mutation]
 62921 | Zot:5    | Gained mutation: You are robust. (+10% HP) [potion of
                  | mutation]
 62921 | Zot:5    | Gained mutation: You have a pair of horns on your head.
                  | [potion of mutation]
 62940 | Zot:5    | Got the Orb of Zot
 63381 | D:12     | Reached skill level 23 in Armour
 63579 | D:1      | Noticed a seraph
 63602 | D:1      | Lost mutation: You are robust. (+10% HP) [a cacodemon]
 63603 | D:1      | Gained mutation: You occasionally lose the ability to drink
                  | potions when taking damage. [a cacodemon]
 63606 | D:1      | Gained mutation: You do not regenerate when monsters are
                  | visible. [a cacodemon]
 63625 | D:$      | Escaped with the Orb!

Illustrated notes

Levels and vault maps discovered:
D:1:      dpeg_cavernosity, layout_basic,
          dreamdust_ecumenical_altar_angels_and_demons
D:2:      layout_basic, serial_shops, shop_fountains,
          nicolae_shop_real_fake_doors, shop, nicolae_shop_crystal, shop,
          dreamdust_mushroom_princess, uniq_sigmund
D:3:      layout_loops_ring, nicolae_overflow_crystal_walls,
          minmay_misc_feat_plants
D:4:      layout_cave_pools, fedhas_altar_decomposition,
          ebering_ghost_disaster_area, serial_bayou_pond_a
D:5:      layout_rooms, mainiacjoe_overflow_catwalk,
          minmay_temple_entry_proselytizer, chequers_ossuary_entry_cave,
          amcnicky_mini_rare_corridor_liquid
D:6:      layout_gridville, nicolae_dithmenos_shadow_blocks, lemuel_tele_altar,
          chequers_serial_rivers_small_b, nicolae_shop_self_help
D:7:      layout_basic
D:8:      layout_rooms, lemuel_crystal_altar, okawaru_humans, uniq_maurice,
          uniq_psyche, uniq_gastronok
D:9:      cheibrodos_barr_body, layout_small_grid,
          ploomutoo_gammafunk_ghost_potion_laboratory,
          nicolae_shop_unique_rings, kennysheep_generic_room_8
D:10:     layout_roguey, kiku_gazebo_pond_becter, gammafunk_ghost_hive,
          blue_anna_alchemist
D:11:     layout_cave_pools, david_lair_shrubbed, grunt_ministairs_8,
          nzn_wu_jian_council_hall
D:12:     layout_basic, zombieorc1_lemuel, serial_shops, shop, uniq_urug,
          uniq_erolcha, uniq_fannar
D:13:     layout_irregular_city, serial_shops, shop,
          portal_ice_cave_entry_ice_simulacra
D:14:     layout_loops_ring, david_vaults_4, ebering_dispersal_statue_hall,
          ebering_ghost_inner_flame, uniq_roxanne
D:15:     grunt_enter_depths_magical_seal, layout_gridville,
          trog_three_pillars_becter, uniq_kirke
Lair:1:   layout_hall_layers, chequers_serial_rivers_micro_d,
          minmay_shattered_shrine, infiniplex_staircase_pool_2
Lair:2:   layout_chaotic_city, nicolae_spider_entry_orb_guardian,
          gauntlet_entry_generic, st_stairs_13, patterned_corridor, uniq_amaemon
Lair:3:   regret_index_wax_grids, layout_loops_ring, shoals_dummy_entry,
          beast_lair_carwin_10
Lair:4:   layout_long_grid, ebering_ghost_disaster_area, minmay_lindwurm_lava,
          uniq_sonja
Lair:5:   due_jungle_book, layout_misc_corridors,
          nicolae_slime_entry_field_trip, basic_altar, minivault_23,
          st_stairs_7, minivault_24, lemuel_oklob_altar
Shoals:1: layout_shoals
Shoals:2: layout_shoals, uniq_nikola
Shoals:3: gammafunk_sealed_arena, layout_shoals, uniq_polyphemus, uniq_ilsuiw
Shoals:4: shoals_end_simple, layout_shoals
Spider:1: nicolae_spider_hilbert_zone_3 [nicolae_spider_hilbert_4_sides_2_open,
          nicolae_spider_hilbert_3_sides_1_open,
          nicolae_spider_hilbert_3_sides_1_open,
          nicolae_spider_hilbert_3_sides_1_open,
          nicolae_spider_hilbert_3_sides_1_open,
          nicolae_spider_hilbert_4_sides_1_open,
          nicolae_spider_hilbert_4_sides_1_open,
          nicolae_spider_hilbert_4_sides_1_open,
          nicolae_spider_hilbert_4_sides_1_open,
          nicolae_spider_hilbert_4_sides_1_open,
          nicolae_spider_hilbert_4_sides_1_open,
          nicolae_spider_hilbert_4_sides_1_open,
          nicolae_spider_hilbert_4_sides_1_open,
          nicolae_spider_hilbert_3_sides_1_open,
          nicolae_spider_hilbert_3_sides_1_open,
          nicolae_spider_hilbert_3_sides_1_open,
          nicolae_spider_hilbert_3_sides_1_open], uniq_aizul
Spider:2: layout_chambers, nicolae_spider_stair_cavern
Spider:3: layout_spider_delve, ebering_ghost_reflecting_pool
Spider:4: spider_rune_water, nicolae_spider_moth_buddies
Slime:1:  layout_caves, nicolae_slime_barrier
Slime:2:  layout_caves
Slime:3:  layout_caves, nicolae_slime_crime_time
Slime:4:  layout_caves, cheibrodos_slime_lost_civilization_4
Slime:5
Orc:1:    layout_caves, mines4_lemuel, uniq_josephine
Orc:2:    st_orc_pillars, layout_diamond_mine, basic_altar
Elf:1:    nicolae_elf_arrival_fired_up, layout_geoelf_diagonals,
          evilmike_minifort, uniq_frances
Elf:2:    elven_hall_of_blades_hangedman_alternative
          [nicolae_vaults_blade_armed_guards], layout_loops_corners,
          serial_shops, shop, lemuel_upstairs_altar
Elf:3:    minmay_elf_hall_circle, layout_gridlike,
          ebering_ghost_reflecting_pool, nicolae_elf_elemental_lessons
Vaults:1: mu_enter_wizlab_6, hangedman_vaults_unwind, v_pattern_1, st_cells,
          nicolae_vaults_tangram_1, nicolae_vaults_double_plus_1,
          nicolae_vaults_tetromino_Z_2, v_misc_3,
          nicolae_vaults_little_squares_3, nicolae_vaults_network_barrier,
          nicolae_vaults_tetromino_L_2, hangedman_vaults_restitches,
          vaults_room_fours, nicolae_vaults_trapezoid_lopsided_1,
          layout_vaults_omnicross, serial_shops, shop, uniq_asterion
Vaults:2: v_pattern_4, minmay_crypt_entry_necro_gods,
          nicolae_vaults_closet_pinwheel_5, vaults_room_semicircle,
          v_alt_pattern_4, nicolae_vaults_little_squares_3,
          nicolae_vaults_gold_heap, v_misc_15, layout_vaults_omnigrid,
          uniq_xtahua, uniq_mara
Vaults:3: v_misc_26, nicolae_vaults_three_branches,
          nicolae_vaults_shipping_containers_5,
          nicolae_vaults_closet_pinwheel_4, nicolae_vaults_house_2, v_misc_28,
          nicolae_vaults_tangram_1, nicolae_vaults_mitosis, v_misc_15,
          nicolae_vaults_tetromino_L_2, v_misc_10, nicolae_vaults_trapezoid_3,
          layout_vaults_maze_snakey
Vaults:4: nicolae_vaults_stairing_the_circle, nicolae_vaults_surprise_closet,
          nicolae_vaults_wine_cellar, hangedman_vaults_pinch,
          nicolae_vaults_closet_pinwheel_3, nicolae_vaults_double_plus_3,
          nicolae_vaults_diagonal_hallway_7, vaults_room_pool,
          nicolae_vaults_trapezoid_lopsided_3,
          nicolae_vaults_loss_of_containment, v_pattern_2,
          layout_vaults_omnibox, serial_shops, nicolae_shop_tiny_glass, shop,
          nicolae_shop_tiny_waterfront, shop, nicolae_shop_advertising_works
          [nicolae_subvault_shop_adworks], uniq_frederick
Depths:1: layout_cave_shapes, grunt_metal_band, rand_demon_pan_entry_5,
          nicolae_uskayaw_dance_hall, minmay_shop_grove, serial_bayou_shore_b,
          grunt_megastairs_5, uniq_sojobo
Depths:2: kennysheep_ogre_elephant_herders, layout_basic, enter_ziggurat_d,
          hell_entry, pan_entry, infiniplex_staircase_split_hallway
Depths:3: nicolae_hitomezashi [nicolae_hito_row, nicolae_hito_row,
          nicolae_hito_row, nicolae_hito_row, nicolae_hito_row,
          nicolae_hito_row, nicolae_hito_row, nicolae_hito_row,
          nicolae_hito_row, nicolae_hito_row, nicolae_hito_row,
          nicolae_hito_row, nicolae_hito_row, nicolae_hito_row,
          nicolae_hito_row, nicolae_hito_row, nicolae_hito_row,
          nicolae_hito_row], layout_basic, grunt_hell_entry_dis_mu, abyss_entry,
          minmay_hedge_maze, uniq_saint_roka, uniq_vv
Depths:4: evilmike_zot_entry_basic, layout_twisted_cross, hellmouth_3,
          chequers_serial_rivers_micro_d, minmay_shoptagon
Hell
Zot:1:    layout_gridlike, grunt_ministairs_3
Zot:2:    layout_misc_corridors, uniq_grunn
Zot:3:    kennysheep_blocky_room, layout_gridlike,
          hangedman_elemental_grid_stream
Zot:4:    layout_basic
Zot:5:    layout_basic, grunt_ministairs_12, st_stairs_4

Skill      XL: |  1  2  3  4  5  6  7  8  9 10 11 12 13 14 15 16 17 18 19 20 21 22 23 24 25 |
---------------+----------------------------------------------------------------------------+-----
Maces & Flails | 3 5 6 7 9 11 12 15 17 20 21 | 21.7
Armour         | 8 10 12 15 16 18 19 22 23 | 23.1
Fighting       | 5 8 9 11 13 16 17 20 | 20.9
Shields        | 3 |  3.2
Dodging        | 4 5 8 13 14 | 14.3
Throwing       | 9 11 15 18 | 18.9
Evocations     | 1 10 12 15 | 15.1
Ranged Weapons | 4 |  4.2
Stealth        | 8 |  8.7

Action                     |  1- 3 |  4- 6 |  7- 9 | 10-12 | 13-15 | 16-18 | 19-21 | 22-24 | 25-27 || total
---------------------------+-------+-------+-------+-------+-------+-------+-------+-------+-------++-------
  Melee: Mace              |    32 |       |       |       |       |       |       |       |       ||    32
         Tailslap          |     6 |    14 |    58 |    83 |   240 |   196 |   269 |   267 |     9 ||  1142
         Punch             |     2 |       |     1 |       |       |       |       |       |       ||     3
         Flail             |    42 |   139 |    72 |       |       |       |       |       |       ||   253
         Whip              |       |       |   343 |    99 |       |       |       |       |       ||   442
         Great mace        |       |       |       |   362 |  1257 |  1238 |  1262 |  1462 |    56 ||  5637
         Headbutt          |       |       |       |       |       |       |       |       |    13 ||    13
  Throw: Stone             |     5 |       |       |       |       |       |       |       |       ||     5
         Boomerang         |       |       |       |       |       |    58 |    14 |     9 |       ||    81
         Javelin           |       |       |       |       |       |       |    37 |    68 |       ||   105
         Dart              |       |       |       |       |       |       |     1 |       |       ||     1
 Invoke: Berserk           |     2 |     3 |     6 |    11 |    17 |    22 |     5 |     5 |       ||    71
         Trog's Hand       |       |       |     4 |       |     4 |     2 |     3 |       |       ||    13
         Brothers in Arms  |       |       |       |     3 |     3 |     7 |     4 |     4 |       ||    21
  Evoke: Wand              |       |       |     3 |       |     8 |     3 |     8 |       |     1 ||    23
         Condenser vane    |       |       |       |       |     1 |       |       |       |       ||     1
    Use: Scroll            |     2 |     9 |     7 |    17 |     4 |     5 |     7 |    14 |     1 ||    66
         Potion            |       |       |     2 |     2 |     2 |    10 |     7 |    18 |     2 ||    43
   Stab: Held in net/web   |       |       |       |       |       |     1 |       |       |       ||     1
 Armour: Leather armour    |    10 |       |       |       |       |       |       |       |       ||    10
         Animal skin       |     4 |       |       |       |       |       |       |       |       ||     4
         Scale mail        |    19 |     4 |       |       |       |       |       |       |       ||    23
         Chain mail        |       |    82 |   158 |    63 |       |       |       |       |       ||   303
         Plate armour      |       |       |       |   149 |   559 |       |       |       |       ||   708
         Gold dragon scale |       |       |       |       |   109 |  1808 |   926 |  1073 |    23 ||  3939
  Dodge: Dodged            |    38 |    52 |    53 |    65 |   232 |   554 |   585 |  1152 |    37 ||  2768
  Block: Buckler           |       |       |    22 |    13 |       |       |       |       |       ||    35
         Other             |       |       |       |    67 |   114 |   158 |   270 |   383 |    26 ||  1018
         Reflection        |       |       |       |     6 |     1 |    12 |    10 |    20 |     2 ||    51
